 Dungeon Crawl Stone Soup version 0.32-a0-995-gb4a59205af (webtiles) character file.

Game seed: 12118111712089908477

306 dialectric the Trooper (level 6, 0/61 HPs)
             Began as a Troll Fighter on Apr 23, 2024.
             Slain by Blork the orc
             ... wielding a +2 heavy war axe
              (11 damage)
             ... on level 4 of the Dungeon.
             The game lasted 00:02:18 (2283 turns).

dialectric the Trooper (Troll Fighter)              Turns: 2283, Time: 00:02:18

Health: 0/61       AC:  4    Str: 25    XL:     6   Next: 16%
Magic:  5/5        EV:  9    Int:  4    God:
Gold:   69         SH:  0    Dex: 11    Spells: 5/5 levels left

rFire   . . .        a - +0 flail
rCold   . . .        (no shield)
rNeg    . . .        b - +0 robe
rPois   .            (helmet restricted)
rElec   .            (no cloak)
rCorr   .            (gloves unavailable)
SInv    .            (boots unavailable)
Will    .....        (no amulet)
Stlth   +            (no ring)
HPRegen 1.10/turn    (no ring)
MPRegen 0.09/turn

%: no passive effects
@: mighty
A: large, unfitting armour, claws 3, regeneration 1, shaggy fur 1, tough skin 1
a: no special abilities


You were on level 4 of the Dungeon.
You visited 1 branch of the dungeon, and saw 5 of its levels.

You collected 69 gold pieces.

Inventory:

Hand Weapons
 a - a +0 flail (weapon)
Missiles
 i - 4 poisoned darts (quivered)
Armour
 b - a +0 robe (worn)
 c - a +0 kite shield
Scrolls
 e - 4 scrolls of identify {unknown}
 f - a scroll of noise {unknown}
Potions
 g - a potion of attraction {unknown}
 h - a potion of enlightenment {unknown}
 j - 3 potions of curing {unknown}
 k - a potion of heal wounds {unknown}


   Skills:
 + Level 3.5 Fighting
 + Level 3.3 Maces & Flails
 + Level 2.2 Armour
 + Level 3.5 Dodging
 - Level 2.7 Shields


You had 5 spell levels left.
You didn't know any spells.
Your spell library was empty.

Dungeon Overview and Level Annotations

Branches:
Dungeon (5/15)
 Temple: D:4-7

Altars:
Fedhas
Okawaru
Qazlal

Annotations:
D:3 3 runed translucent doors, zazu2006's ghost, amateur GnWn
D:4 Blork the orc; Ijyb


Innate Abilities, Weirdness & Mutations

You are too large for most types of armour.
You have claws for hands.
Your natural rate of healing is unusually fast.
You are covered in fur. (AC +1)
You have tough skin. (AC +1)


Message History

Blork the orc seems to speed up.
You open the door. The hound bites you but does no damage.
The orc hits you with a +0 hand axe. The hound bites you but does no damage.
Blork the orc screams, "Let me show you how many colours things can be!"
There is an open door here.
You sock the hound!
The hound is moderately wounded.
The hound bites you but does no damage. The hound barely misses you.
The orc hits you with a +0 hand axe.
Blork the orc casts a cantrip, but nothing happens.
You thump the hound!
You kill the hound!
The orc completely misses you.
Blork the orc screams, "I can see the energies behind everything!
Can't you?"
You sock Ijyb!
Ijyb is moderately wounded.
Ijyb hits you with a +0 club. The orc closely misses you.
Ijyb barely misses you.
You hit Ijyb.
Ijyb is heavily wounded.
Blork the orc hits you with a +2 heavy war axe!!
The orc hits you with a +0 hand axe. Ijyb hits you with a +0 club.
Blork the orc hits you with a +2 heavy war axe!
* * * LOW HITPOINT WARNING * * *
The orc hits you with a +0 hand axe!
* * * LOW HITPOINT WARNING * * *
You sock Blork the orc!
Blork the orc is heavily wounded.
Ijyb hits you with a +0 club.
* * * LOW HITPOINT WARNING * * *
Blork the orc casts a cantrip, but nothing happens.
The orc barely misses you.
You barely miss Blork the orc.
Blork the orc is heavily wounded.
Blork the orc barely misses you. Ijyb hits you but does no damage.
The orc hits you with a +0 hand axe.
* * * LOW HITPOINT WARNING * * *
Blork the orc hits you with a +2 heavy war axe!
You die...
Blork the orc shouts, "I believe in me!"

####### #.....#
#.....# #.....#
#.....# #.....# .
##o....######....
#@g....'.>.......
##o....##........
#$....##........
#.....##........
#...!.##........
#.....##+###+###
#..##### #..#


You could see Blork the orc (fast), Ijyb and an orc.

Vanquished Creatures
  A phantom (D:3)
  A bombardier beetle (D:5)
  A hound (D:4)
  A jelly (D:5)
  An orc priest (D:3)
  Jessica (D:2)
  3 gnolls (D:3)
  2 dart slugs
  3 ribbon worms
  4 orcs (D:3)
  2 ball pythons (D:1)
  2 endoplasms
  4 giant cockroaches
  3 goblins
  3 hobgoblins
  2 bats (D:1)
  6 frilled lizards
  3 kobolds
  6 rats
49 creatures vanquished.

Notes
Turn   | Place    | Note
-------+----------+-------------------------------------------
     0 | D:1      | dialectric the Troll Fighter began the quest for the Orb.
     0 | D:1      | Reached XP level 1. HP: 22/22 MP: 0/0
   177 | D:1      | Reached XP level 2. HP: 29/29 MP: 1/1
   692 | D:2      | Noticed Jessica
   699 | D:2      | Killed Jessica
   700 | D:2      | Reached skill level 1 in Armour
   700 | D:2      | Reached XP level 3. HP: 32/36 MP: 2/2
  1618 | D:3      | Found a runed translucent gate.
  1618 | D:3      | Found a runed translucent gate.
  1618 | D:3      | Found a runed translucent gate.
  1636 | D:3      | Noticed a phantom
  1656 | D:3      | Killed a phantom
  1657 | D:3      | Reached XP level 4. HP: 15/45 MP: 3/3
  1703 | D:3      | Noticed zazu2006's ghost (amateur GnWn)
  1830 | D:3      | Reached XP level 5. HP: 49/53 MP: 4/4
  2203 | D:3      | You fall into a shaft and drop 2 floors!
  2203 | D:5      | Entered Level 5 of the Dungeon
  2203 | D:5      | Found an iron altar of Okawaru.
  2203 | D:5      | Found a blossoming altar of Fedhas.
  2203 | D:5      | Found a stormy altar of Qazlal.
  2254 | D:5      | Reached XP level 6. HP: 44/61 MP: 5/5
  2266 | D:4      | Noticed Ijyb
  2266 | D:4      | Noticed Blork the orc
  2283 | D:4      | Slain by Blork the orc

Illustrated notes

Levels and vault maps discovered:
D:1:      psy_arrival_dodecagon, layout_basic
D:2:      layout_basic, st_stairs_8, uniq_jessica
D:3:      minmay_wonky_spiral, layout_loops_corners, gammafunk_ghost_icy,
          minmay_door_square, chequers_serial_rivers_micro_b, nicolae_titane
D:4:      layout_basic, gup_sewer_entry_bowl, uniq_ijyb, uniq_blork_the_orc,
          uniq_edmund, uniq_pikel, uniq_crazy_yiuf_cottage
D:5:      layout_cave_pools, nicolae_overflow_hidden_temple, uniq_prince_ribbit1

Skill      XL: |  1  2  3  4  5 |
---------------+----------------+-----
Maces & Flails | 2 3 |  3.3
Armour         | 1 2 |  2.2
Fighting       | 3 |  3.5
Dodging        | 3 |  3.5
Shields        | |  2.7

Action                     |  1- 3 |  4- 6 || total
---------------------------+-------+-------++-------
  Melee: Flail             |    98 |    68 ||   166
  Throw: Dart              |       |     2 ||     2
    Use: Potion            |       |     1 ||     1
 Armour: Robe              |    80 |    62 ||   142
  Dodge: Dodged            |    47 |    35 ||    82

Table legend: (Time is in decaauts)
 A = Elapsed time spent in this place.
 B = Non-inter-level travel time spent in this place.
 C = Inter-level travel time spent in this place.
 D = Time resting spent in this place.
 E = Time spent auto-exploring this place.
 F = Levels seen in this place.
 G = Mean time per level.
                   A        B        C        D        E       F      G
               +--------+--------+--------+--------+--------+-----+--------+
         Total |   2333 |   2246 |     87 |     28 |   1773 |   5 |  466.6 |
       Dungeon |   2333 |   2246 |     87 |     28 |   1773 |   5 |  466.6 |
               +--------+--------+--------+--------+--------+-----+--------+

Top non-repeatable levels by time:
     D:2: 976 daAuts
     D:3: 665 daAuts
     D:1: 609 daAuts
     D:5: 64 daAuts
     D:4: 18 daAuts
